 Dungeon Crawl Stone Soup version 0.29-a0-330-g52719c12eb (webtiles) character file.

Game seed: 4110400601406391519

65 Aelig the Insei (level 4, 0/48 HPs)
             Began as a Djinni Transmuter on May 17, 2022.
             Slain by a gnoll
             ... wielding a +0 flail
              (12 damage)
             ... on level 3 of the Dungeon.
             The game lasted 00:04:31 (3071 turns).

Aelig the Insei (Djinni Transmuter)                 Turns: 3071, Time: 00:04:31

Health: 0/48       AC:  2    Str:  9    XL:     4   Next: 34%
Gold:   80         EV: 12    Int: 16    God:
                   SH:  0    Dex: 14

rFire   + + .      SeeInvis .     - Unarmed
rCold   x . .      Faith    .   (no shield)
rNeg    . . .      Spirit   .   a - +0 robe
rPois   ∞          Reflect  .   (no helmet)
rElec   .          Harm     .   (no cloak)
rCorr   .          Rampage  .   (no gloves)
Will    .....                   (boots unavailable)
Stlth   ..........              (no amulet)
HPRegen 0.16/turn               (no ring)
MPRegen 0.00/turn               (no ring)

@: mighty, berserking, flying, very quick
A: sickness immunity, fire resistance 2, cold vulnerability 1, float, innate
caster, HP casting, extra vitality 1
a: no special abilities


You were on level 3 of the Dungeon.
You visited 1 branch of the dungeon, and saw 3 of its levels.

You collected 80 gold pieces.

Inventory:

Missiles
 f - 96 stones (quivered)
 l - 8 javelins
Armour
 a - a +0 robe (worn)
Scrolls
 c - a scroll of enchant weapon {unknown}
 d - 2 scrolls of identify {unknown}
 e - a scroll of teleportation {unknown}
 g - a scroll of summoning {unknown}
 h - a scroll of acquirement {unknown}
 m - a scroll of silence {unknown}
Potions
 b - a potion of lignification
 i - a potion of brilliance {unknown}
 k - a potion of might


   Skills:
 - Level 1.0 Fighting
 - Level 2.1 Dodging
 * Level 4.3 Unarmed Combat
 + Level 2.2 Spellcasting


You couldn't memorise any spells.
You knew the following spells:

 Your Spells              Type           Power      Damage    Failure   Level
a - Beastly Appendage     Tmut           16%        N/A       9%          1
b - Wereblood             Tmut           8%         N/A       12%         2
c - Spider Form           Tmut/Pois      8%         N/A       24%         3
d - Ice Form              Ice/Tmut       8%         N/A       63%         4
e - Shock                 Conj/Air       32%        1d5       9%          1
Your spell library was empty.

Dungeon Overview and Level Annotations

Branches:
Dungeon (3/15)

Altars:


Innate Abilities, Weirdness & Mutations

You are immune to sickness and miasma.
You are immune to poison.
Your flesh is very heat resistant. (rF++)
You are vulnerable to cold. (rC-)
You float through the air rather than walking.
You learn spells naturally, not from books.
Your magical power is your life essence.
You have superior vitality. (+4 MHP)


Message History

You hit the gnoll.
The gnoll is heavily wounded.
The gnoll hits you with a +0 spear.
You hit the gnoll. Your headbutt misses the gnoll.
The gnoll is severely wounded.
The gnoll hits you with a +0 spear!
* * * LOW HITPOINT WARNING * * *
You hit the gnoll.
The gnoll is severely wounded.
The gnoll closely misses you.
You hit the gnoll.
You feel a bit better.
You kill the gnoll!
You start resting.
Your horns disappear.
You howl as the wereblood boils in your veins!
You hear a shout!
You start resting.
Your primal bloodlust is almost over.
A gnoll comes into view. It is wielding a +0 flail.
The gnoll throws a stone.
The stone barely misses you.
Your primal bloodlust has ended.
The gnoll throws a stone.
The stone hits you.
* * * LOW HITPOINT WARNING * * *
The gnoll throws a stone.
The stone closely misses you.
The gnoll throws a stone.
The stone hits you.
* * * LOW HITPOINT WARNING * * *
The gnoll throws a stone.
The stone closely misses you.
It was a potion of might.
You feel very mighty all of a sudden.
The gnoll throws a stone.
The stone barely misses you.
It was a potion of berserk rage.
A red film seems to cover your vision as you go berserk!
You feel yourself moving faster!
You feel mighty!
You feel a strong urge to attack something.
The gnoll closely misses you.
You barely miss the gnoll. You punch the gnoll!
The gnoll is severely wounded.
The gnoll hits you with a +0 flail!
You die...

#.#
#..........#....#
# #...#.#
#..........####.#
.# #...#.#
#...[......# .#
.#.##...#.#
#..........# .#
....#...#.#
#..........# ##
.#..#...#.#
#.[........#
.#..#...#.#
#..........#
.#......#.#
#..g.......#
.#.###..#.#
#.@........#
).......#.#
#..........#
.#.##.###.#
############
#..<...#.#
####.###.#
#.....# #######


You could see a gnoll.

Vanquished Creatures
  An adder (D:2)
  A gnoll (D:3)
  A dart slug (D:1)
  6 ball pythons
  2 endoplasms
  A giant cockroach (D:2)
  4 goblins
  2 hobgoblins (D:2)
  A quokka (D:3)
  5 bats
  2 frilled lizards
  6 kobolds
  11 rats
43 creatures vanquished.

Notes
Turn   | Place    | Note
-------+----------+-------------------------------------------
     0 | D:1      | Aelig the Djinni Transmuter began the quest for the Orb.
     0 | D:1      | Reached XP level 1. HP: 17/17 MP: 0/0
    71 | D:1      | Found a faded altar of an unknown god.
   654 | D:1      | Reached XP level 2. HP: 20/22 MP: 0/0
  1434 | D:2      | Reached XP level 3. HP: 24/27 MP: 0/0
  1434 | D:2      | Learned a level 1 spell: Shock
  1681 | D:2      | Reached skill level 4 in Unarmed Combat
  2055 | D:2      | You are sucked into a shaft and drop 1 floor!
  2618 | D:3      | Reached XP level 4. HP: 22/32 MP: 0/0
  3071 | D:3      | Slain by a gnoll

Illustrated notes

Levels and vault maps discovered:
D:1:      dpeg_arrival_rooms_a, layout_loops_ring,
          ebering_ecumenical_altar_sacrificial
D:2:      layout_basic
D:3:      layout_basic

Skill      XL: |  1  2  3 |
---------------+----------+-----
Spellcasting   | 2 |  2.2
Unarmed Combat | 4 |  4.3
Fighting       | |  1.0
Dodging        | |  2.1

Action                   |  1- 3 |  4- 6 || total
-------------------------+-------+-------++-------
Melee: Unarmed           |   102 |    22 ||   124
       Headbutt          |    11 |     1 ||    12
       Punch             |     1 |       ||     1
 Cast: Beastly Appendage |    30 |     5 ||    35
       Wereblood         |     1 |     1 ||     2
  Use: Potion            |       |     2 ||     2
 Stab: Sleeping          |     1 |       ||     1
Armor: Robe              |    18 |     3 ||    21
Dodge: Dodged            |    64 |    23 ||    87

Table legend: (Time is in decaauts)
 A = Elapsed time spent in this place.
 B = Non-inter-level travel time spent in this place.
 C = Inter-level travel time spent in this place.
 D = Time resting spent in this place.
 E = Time spent auto-exploring this place.
 F = Levels seen in this place.
 G = Mean time per level.
                   A        B        C        D        E       F      G
               +--------+--------+--------+--------+--------+-----+--------+
         Total |   3062 |   3008 |     54 |   1329 |   1110 |   3 | 1020.7 |
       Dungeon |   3062 |   3008 |     54 |   1329 |   1110 |   3 | 1020.7 |
               +--------+--------+--------+--------+--------+-----+--------+

Top non-repeatable levels by time:
     D:1: 1350 daAuts
     D:2: 976 daAuts
     D:3: 735 daAuts
